 Dungeon Crawl Stone Soup version 0.25.1-2-g60ff931df9 (webtiles) character file.

Game seed: 5331656129566533735

170 Borneo the Stinger (level 5, -5/42 HPs)
             Began as a Naga Venom Mage on Oct 25, 2020.
             Was a Believer of Zin.
             Slain by an ice beast (6 damage)
             ... on level 3 of the Dungeon on Oct 27, 2020.
             The game lasted 00:11:39 (2904 turns).

Borneo the Stinger (Naga Venom Mage)                Turns: 2904, Time: 00:11:40

Health: -5/42      AC:  2    Str: 10    XL:     5   Next: 50%
Magic:  8/9        EV: 10    Int: 16    God:    Zin [**....]
Gold:   135        SH:  0    Dex: 12    Spells: 4/10 levels left

rFire    . . .     SeeInvis +   (no weapon)
rCold    . . .     Gourm    .   (no shield)
rNeg     . . .     Faith    .   a - +0 robe
rPois    +         Spirit   .   (no helmet)
rElec    .         Reflect  .   (no cloak)
rCorr    .         Harm     .   (no gloves)
MR       .....                  (no barding)
Stlth    ++........             (no amulet)
HPRegen  0.14/turn              (no ring)
MPRegen  0.11/turn              (no ring)

@: very slow
A: large, see invisible, deformed body, poison resistance, slowness 2, slow
metabolism 1, spit poison 1, AC +1
a: Spit Poison, Recite, Vitalisation, Donate Gold, Renounce Religion


You were on level 3 of the Dungeon.
You worshipped Zin.
Zin was pleased with you.
You were not hungry.

You visited 1 branch of the dungeon, and saw 3 of its levels.

You collected 149 gold pieces.
You donated 14 gold pieces to Zin.

Inventory:

Armour
 a - a +0 robe (worn)
Scrolls
 b - 2 scrolls of identify {unknown}
 d - 3 scrolls of remove curse {unknown}
 g - a scroll of fog {unknown}
 h - a scroll of blinking {unknown}
 j - a scroll of amnesia {unknown}
Potions
 e - a potion of magic {unknown}
 f - 2 potions of stabbing {unknown}
 i - 2 potions of cancellation {unknown}
 k - 2 potions of curing {unknown}
 l - a potion of invisibility {unknown}
Comestibles
 c - 4 rations
 m - 2 chunks of flesh


   Skills:
 + Level 1.7 Dodging
 + Level 3.5 Stealth
 + Level 3.2 Spellcasting
 + Level 2.7 Transmutations
 + Level 5.6 Poison Magic


You had 4 spell levels left.
You knew the following spells:

 Your Spells              Type           Power        Failure   Level  Hunger
a - Sting                 Tmut/Pois      ###.         3%          1    None
b - Poisonous Vapours     Pois/Air       ##....       9%          2    ##.....
c - Ignite Poison         Fire/Tmut/Pois ##......     17%         3    ###....

Your spell library contained the following spells:

 Spells                   Type           Power        Failure   Level  Hunger
 Olgreb's Toxic Radiance  Pois           ###.....     19%         4    ####...
 Mephitic Cloud           Conj/Pois/Air  #.......     26%         3    ###....


Dungeon Overview and Level Annotations

Branches:
Dungeon (3/15)

Altars:
Okawaru
Zin


Innate Abilities, Weirdness & Mutations

You cannot wear boots.
Your serpentine skin is tough. (AC +1)
You have supernaturally acute eyesight. (SInv)
Armour fits poorly on your strangely shaped body.
Your system is resistant to poisons. (rPois)
You cover ground very slowly.
You have a slow metabolism.
You can spit poison.


Message History

You have got your breath back.
An ice beast comes into view.
The ice beast barely misses you.
Casting: Sting (safe; 3% risk of failure)
Confirm with . or Enter, or press ? or * to list all spells.
Aiming: Sting (safe; 3% risk of failure)
Press: ? - help, Shift-Dir - straight line, f - ice beast
Aim: an ice beast The sting hits the ice beast.
The ice beast partially resists.
The ice beast is poisoned.
The ice beast is lightly wounded.
The ice beast hits you. The ice beast freezes you! The ice beast hits you.
The ice beast freezes you. The ice beast hits you. The ice beast freezes you!
* * * LOW HITPOINT WARNING * * *
Found 21 gold pieces.
The ice beast looks more healthy.
The ice beast hits you.
* * * LOW HITPOINT WARNING * * *
The ice beast freezes you.
You die...

.. #######+### .
.....?....####.#
.............#.#
..........#....#
..........#..###
###########..#
#.Y# #.@# #..#
#..# #..# #..#
#..# #..# ######
#..# #....# #..#


You could see an ice beast.

Vanquished Creatures
  A bullfrog (D:3)
  Natasha (D:3)
  3 adders (D:3)
  A worm (D:2)
  A dart slug (D:2)
  2 leopard geckos
  An orc (D:3)
  3 giant cockroaches
  10 goblins
  6 hobgoblins
  2 jackals (D:1)
  A quokka (D:2)
  4 bats
  2 frilled lizards
  9 kobolds
  A rat (D:1)
48 creatures vanquished.

Notes
Turn   | Place    | Note
-------+----------+-------------------------------------------
     0 | D:1      | Borneo the Naga Venom Mage began the quest for the Orb.
     0 | D:1      | Reached XP level 1. HP: 15/15 MP: 3/3
   387 | D:1      | Reached XP level 2. HP: 22/22 MP: 3/5
   817 | D:1      | Reached XP level 3. HP: 10/28 MP: 1/6
  1726 | D:2      | Reached skill level 5 in Poison Magic
  1866 | D:2      | Found a glowing silver altar of Zin.
  2023 | D:2      | You fall into a shaft and drop 1 floor!
  2157 | D:3      | Learned a level 2 spell: Poisonous Vapours
  2161 | D:3      | Learned a level 3 spell: Ignite Poison
  2177 | D:3      | Reached XP level 4. HP: 27/36 MP: 1/7
  2338 | D:3      | Found a faded altar of an unknown god.
  2348 | D:3      | Became a worshipper of Zin the Law-Giver
  2348 | D:3      | Reached * piety under Zin
  2348 | D:3      | Reached ** piety under Zin
  2370 | D:3      | Noticed a bullfrog
  2377 | D:3      | Killed a bullfrog
  2377 | D:3      | Reached XP level 5. HP: 15/42 MP: 1/9
  2592 | D:3      | Found an iron altar of Okawaru.
  2812 | D:3      | Noticed Natasha
  2823 | D:3      | Killed Natasha
  2893 | D:3      | Noticed an ice beast
  2904 | D:3      | HP: 1/42 [ice beast (3)]
  2904 | D:3      | Slain by an ice beast

Illustrated notes

Levels and vault maps discovered:
D:1:      dpeg_arrival_water_fire, layout_basic
D:2:      layout_loops_ring, zin_academy, marbit_many_paths
D:3:      layout_basic, overflow_temple_1_default, lemuel_round_altar,
          chequers_ecumenical_altar_simple, portal_sewer_entry_e, first_ration,
          okawaru_gym_becter, uniq_sigmund, uniq_robin, uniq_natasha

Skill      XL: |  1  2  3  4  5 |
---------------+----------------+-----
Poison Magic   | 5 |  5.6
Transmutations | 2 |  2.7
Spellcasting   | 3 |  3.2
Dodging        | |  1.7
Stealth        | |  3.5

Action                   |  1- 3 |  4- 6 || total
-------------------------+-------+-------++-------
Melee: Unarmed           |     1 |       ||     1
 Cast: Sting             |    63 |    20 ||    83
       Poisonous Vapours |       |     1 ||     1
 Abil: Spit Poison       |     1 |     1 ||     2
  Eat: Chunk             |     3 |     2 ||     5
Armor: Robe              |     6 |     1 ||     7
Dodge: Dodged            |    39 |    10 ||    49
